Map: Taito Citadel LE

Players

HoldTheDoor - Winner!

  • Race: Protoss Protoss
  • League: Diamond
  • Spawn Location: 5:00

iLikeboobs

  • Race: Terran Terran
  • Spawn Location: 11:00

VOD

Have the link to the VOD?

Description

Time

  • Played on: May 25, 2026, 12:14 p.m.
  • Length: 19:40
Show
View Real Time Build Order
Export as new Build Order

HoldTheDoor Protoss - Winner!

Build Orders: 1 Gate Expand 

Get SALT Encoding   

  12  0:00  Probe  
  13  0:12  Probe  
  14  0:18  Pylon  
  14  0:24  Probe  
  15  0:33  Probe  
  15  0:41  Probe, Gateway  
  16  0:49  Assimilator  
  17  0:51  Probe  
  18  1:05  Probe, Pylon  
  19  1:17  Probe  
  20  1:26  Nexus  
  20  1:36  Cybernetics Core  
  20  1:38  Probe  
  21  1:46  Assimilator  
  21  1:50  Pylon  
  21  1:54  Probe  
  22  2:04  Adept  
  22  2:07  Probe  
  23  2:15  Warp Gate  
  25  2:19  Probe  
  25  2:21  Shield Battery  
  26  2:31  Probe  
  26  2:33  Sentry  
  29  2:39  Probe  
  29  2:43  Probe  
  30  3:07  Probe x2  
  30  3:12  Robotics Facility  
  32  3:19  Probe x2, Stalker  
  34  3:20  Pylon  
  36  3:31  Probe x2  
  38  3:43  Probe x2  
  40  3:50  Pylon  
  40  3:55  Probe x2  
  41  4:00  Gateway  
  42  4:04  Shield Battery  
  42  4:05  Pylon  
  42  4:07  Stalker  
  42  4:09  Probe  
  45  4:11  Immortal  
  45  4:13  Probe  
  50  4:21  Probe, Pylon  
  51  4:25  Stargate  
  51  4:27  Probe  
  51  4:29  Assimilator  
  52  4:32  Assimilator  
  52  4:33  Probe  
  52  4:37  Forge  
  53  4:39  Stalker, Probe  
  57  4:45  Probe  
  57  4:51  Probe, Gateway  
  58  4:53  Gateway  
  58  4:54  Observer  
  59  5:04  Probe x2  
  59  5:05  Stalker  
  63  5:07  Zealot  
  63  5:11  Phoenix  
  67  5:16  Probe x2  
  67  5:18  Protoss Ground Armor Level 1  
  69  5:25  Photon Cannon  
  69  5:28  Probe  
  69  5:29  Probe, Photon Cannon  
  69  5:33  Pylon  
  71  5:38  Pylon  
  71  5:40  Probe  
  72  5:43  Probe  
  73  5:51  Stalker  
  73  5:52  Stalker x3  
  73  5:53  Probe  
  76  6:02  Probe  
  77  6:05  Probe  
  77  6:06  Pylon  
  77  6:07  Pylon  
  78  6:14  Probe  
  78  6:17  Probe  
  80  6:26  Stalker x4  
  80  6:28  Probe  
  89  6:34  Probe  
  89  6:35  Shield Battery, Photon Cannon  
  90  6:40  Probe  
  91  6:49  Nexus  
  91  6:52  Probe  
  91  6:54  Probe, Pylon  
  93  7:02  Photon Cannon  
  93  7:03  Protoss Ground Weapons Level 1  
  93  7:04  Probe  
  93  7:06  Pylon  
  93  7:08  Photon Cannon, Probe  
  95  7:17  Phoenix  
  97  7:23  Fleet Beacon  
  97  7:25  Probe  
  97  7:26  Probe  
  99  7:37  Probe  
  99  7:39  Probe  
  101  7:51  Shield Battery  
  101  7:54  Shield Battery  
  101  7:55  Photon Cannon  
  101  7:56  Photon Cannon, Pylon  
  101  7:59  Photon Cannon  
  101  8:00  Pylon  
  101  8:03  Photon Cannon  
  101  8:05  Carrier  
  101  8:08  Assimilator  
  101  8:10  Immortal  
  101  8:11  Assimilator  
  101  8:13  Pylon  
  111  8:28  Robotics Bay  
  111  8:32  Pylon  
  111  8:34  Gateway  
  111  8:35  Gateway  
  111  8:47  Twilight Council, Probe  
  111  8:48  Probe  
  113  8:51  Probe, Immortal  
  118  9:03  Zealot x4  
  126  9:21  Tempest  
  112  9:42  Stalker x6  
  112  10:08  Probe  
  113  10:15  Probe  
  113  10:17  Probe  
  113  10:21  Colossus  
  115  10:26  Zealot x2  
  115  10:27  Zealot x4  
  133  10:28  Photon Cannon  
  133  10:30  Pylon  
  133  10:38  Probe x2  
  135  10:49  Protoss Ground Armor Level 2  
  135  10:50  Nexus  
  135  10:52  Pylon  
  135  10:56  Pylon  
  135  10:58  Probe x2  
  135  11:00  Pylon  
  137  11:07  Templar Archives  
  137  11:08  Probe  
  138  11:18  Probe, Colossus  
  139  11:22  Probe  
  146  11:31  Zealot x5  
  146  11:32  Zealot  
  158  11:44  Probe  
  158  11:46  Blink  
  159  11:58  Stalker x6  
  159  12:01  Probe  
  172  12:02  Psionic Storm  
  172  12:04  Extended Thermal Lance  
  172  12:14  Gateway  
  172  12:15  Gateway  
  172  12:16  Gateway  
  172  12:19  Gateway  
  172  12:20  Gateway  
  172  12:23  Gateway, Probe  
  172  12:25  Pylon  
  172  12:27  Probe, Pylon  
  174  12:36  Carrier  
  180  12:48  Photon Cannon  
  180  12:50  Photon Cannon  
  180  12:52  Photon Cannon  
  180  12:53  Shield Battery  
  180  12:54  Protoss Ground Weapons Level 2  
  180  12:55  Shield Battery  
  180  12:56  Pylon  
  180  12:57  High Templar x2, Assimilator  
  184  12:59  High Templar x2  
  184  13:01  High Templar  
  184  13:02  High Templar  
  192  13:06  Archon  
  192  13:21  Protoss Air Armor Level 1  
  192  13:23  Nexus  
  192  13:28  Zealot x3  
  192  13:29  Zealot  
  200  13:37  Charge  
  200  13:48  Photon Cannon  
  200  13:50  Pylon  
  200  13:58  Gravitic Boosters  
  200  14:29  Carrier  
  182  14:43  Probe x3  
  185  14:49  Photon Cannon  
  185  14:50  Photon Cannon  
  185  14:53  Photon Cannon  
  185  14:55  Photon Cannon  
  185  14:57  Pylon  
  185  15:01  Pylon  
  185  15:03  Shield Battery, High Templar x2  
  185  15:04  High Templar x5  
  185  15:05  Shield Battery  
  199  15:07  Archon  
  199  15:08  Archon x2, Shield Battery  
  199  15:19  Pylon  
  199  15:21  Photon Cannon  
  199  15:23  Photon Cannon  
  199  15:27  Photon Cannon  
  199  15:30  Photon Cannon  
  108  16:06  Stalker  
  108  16:07  Stalker x3  
  108  16:08  Stalker x8  
  108  16:11  Carrier  
  128  16:14  Immortal  
  114  16:53  Observer, Stalker x5  
  114  16:54  Stalker x7  
  139  17:10  Assimilator  
  139  17:14  Photon Cannon, Tempest  
  143  17:15  Photon Cannon  
  143  17:19  High Templar x2  
  143  17:20  High Templar x3  
  143  17:21  High Templar  
  155  17:25  Archon  
  155  17:26  Archon x2  
  155  17:29  High Templar x2  
  159  17:30  High Templar x2  
  163  17:46  Nexus  
  163  17:52  Zealot  
  163  17:53  High Templar  
  163  17:54  High Templar x3  
  163  17:55  High Templar  
  175  17:58  Archon x2  
  150  18:38  Tempest  
  150  18:41  Stalker x6  
  156  18:42  Stalker x3  
  156  18:45  High Templar  
  156  18:46  High Templar  
Show
View Real Time Build Order
Export as new Build Order

iLikeboobs Terran 

Build Orders:  

Get SALT Encoding   

  12  0:02  SCV  
  13  0:16  SCV  
  14  0:22  Supply Depot  
  14  0:28  SCV  
  15  0:44  SCV, Barracks  
  15  0:47  Refinery  
  16  0:56  SCV  
  17  1:08  SCV, Supply Depot  
  18  1:20  SCV  
  18  1:24  Refinery  
  19  1:40  Reaper  
  19  1:45  Orbital Command  
  20  2:08  Factory  
  20  2:09  Bunker  
  20  2:12  SCV  
  21  2:16  Barracks Reactor  
  21  2:24  SCV  
  22  2:34  Command Center  
  21  2:58  Starport  
  21  3:00  Marine x2  
  23  3:06  Supply Depot  
  23  3:17  Hellion  
  23  3:18  Marine x2  
  27  3:30  Supply Depot  
  27  3:57  Orbital Command  
  27  3:59  Barracks Tech Lab  
  27  4:05  Supply Depot  
  27  4:08  Hellion x2  
  27  4:09  Medivac  
  33  4:14  Barracks  
  33  4:17  Stimpack  
  33  4:18  Orbital Command  
  33  4:27  Supply Depot  
  33  4:29  Hellion  
  35  4:33  Marine  
  36  4:40  Barracks  
  36  4:42  SCV  
  37  4:49  Supply Depot  
  37  4:51  SCV  
  38  4:57  Liberator  
  38  4:58  SCV  
  42  5:06  SCV  
  43  5:10  SCV  
  44  5:18  Barracks, SCV  
  44  5:19  Engineering Bay  
  45  5:22  Engineering Bay  
  45  5:23  SCV  
  46  5:30  SCV  
  46  5:35  SCV  
  48  5:37  Barracks Tech Lab x2  
  48  5:42  SCV  
  49  5:47  SCV  
  49  5:54  SCV  
  46  6:13  Marauder  
  46  6:14  Marauder x2, Marine  
  49  6:29  Terran Infantry Weapons Level 1, Terran Infantry Armor Level 1  
  49  6:31  Missile Turret, Marine  
  49  6:32  Starport Reactor  
  50  6:33  Combat Shield  
  50  6:34  Missile Turret  
  50  6:35  Marine, Marauder x2  
  50  6:39  Missile Turret  
  53  6:40  SCV x2  
  53  6:42  Refinery  
  53  6:46  Missile Turret  
  55  6:52  SCV x2, Marine  
  58  6:56  Marine  
  58  6:57  Barracks  
  58  6:59  Barracks Reactor  
  59  7:04  SCV x2  
  61  7:08  Missile Turret  
  61  7:14  Marauder x2  
  65  7:17  SCV x2  
  67  7:23  Medivac, Armory  
  67  7:28  Refinery  
  67  7:29  SCV x2, Supply Depot  
  71  7:31  Supply Depot  
  71  7:40  Marauder x2  
  71  7:41  SCV x2, Marauder  
  71  7:43  Medivac  
  81  7:53  SCV  
  81  7:55  Supply Depot  
  81  7:57  Supply Depot  
  82  7:59  Medivac  
  86  8:12  Marauder  
  86  8:13  Medivac, Marine x2  
  86  8:14  Marine x2, Marauder  
  94  8:30  Command Center  
  94  8:31  Marine x4  
  94  8:33  Marine  
  99  8:34  Terran Infantry Weapons Level 2, Marine  
  100  8:49  Marine x2, Terran Infantry Armor Level 2  
  100  8:52  Marine  
  100  8:53  Marine x3, Medivac  
  100  8:54  Missile Turret  
  108  9:00  Sensor Tower  
  108  9:07  Marine x2  
  81  9:43  Orbital Command  
  69  9:48  Marine x5, Marauder  
  71  10:01  SCV x2  
  71  10:04  Refinery  
  71  10:06  Marine x5, Refinery  
  74  10:08  Viking  
  74  10:09  Viking, Marine  
  74  10:12  Terran Ship Weapons Level 1  
  74  10:13  SCV x2  
  81  10:19  Starport  
  81  10:23  Marine  
  81  10:24  Marine x4  
  81  10:27  Marine, SCV x3  
  86  10:38  Viking  
  86  10:39  Viking, SCV x3  
  86  10:41  Marine x2  
  95  10:51  SCV x2  
  95  10:56  Barracks Reactor  
  97  10:59  Barracks  
  97  11:02  Widow Mine  
  99  11:08  Viking  
  101  11:12  Viking  
  101  11:13  Viking x2  
  101  11:15  Marauder x3  
  101  11:16  Marine x2  
  115  11:19  SCV  
  116  11:33  Marine x2  
  116  11:36  Marauder x3  
  116  11:38  Command Center, Viking  
  126  11:41  Widow Mine  
  126  11:42  Viking  
  126  11:43  Viking  
  126  11:44  Concussive Shells  
  126  11:45  Terran Infantry Weapons Level 3  
  126  11:46  Terran Infantry Armor Level 3  
  132  11:51  Marine  
  133  11:58  Missile Turret  
  133  12:07  Supply Depot  
  133  12:09  Command Center  
  133  12:10  Terran Ship Weapons Level 2  
  133  12:11  Supply Depot  
  133  12:13  Supply Depot x3  
  133  12:18  Supply Depot, Missile Turret  
  133  12:20  Supply Depot  
  133  12:29  Marauder  
  135  12:39  Marauder x2  
  135  12:42  Missile Turret  
  139  12:50  Marauder  
  141  12:52  Missile Turret  
  141  12:53  Barracks Reactor  
  141  12:58  Barracks  
  141  13:01  Marauder x2  
  141  13:04  Orbital Command  
  145  13:12  Marauder, Command Center  
  147  13:22  Marauder x2  
  151  13:33  Marauder  
  153  13:38  Viking x4  
  161  13:43  Marauder  
  161  13:44  Marauder  
  165  13:55  Marauder  
  167  14:05  Marauder x2  
  167  14:08  Viking  
  173  14:13  Missile Turret  
  173  14:16  Marauder  
  161  14:26  Terran Vehicle And Ship Armor Level 1, Marauder x2  
  164  14:37  Marauder  
  154  14:42  Barracks Reactor  
  154  14:45  Starport  
  151  14:46  Widow Mine  
  151  14:48  Marauder x2, Neosteel Armor  
  157  14:55  Refinery  
  157  14:56  Planetary Fortress  
  157  14:58  Refinery  
  157  15:01  Missile Turret  
  157  15:08  Widow Mine  
  157  15:10  Orbital Command  
  159  15:22  Missile Turret  
  159  15:25  Command Center  
  159  15:27  Missile Turret  
  159  15:29  Widow Mine  
  114  15:50  Widow Mine  
  88  16:02  Marauder x3  
  88  16:03  Marine x5  
  88  16:04  Marine x3  
  96  16:20  Terran Ship Weapons Level 3  
  96  16:21  Marine  
  96  16:23  Marauder x3  
  103  16:27  Command Center  
  101  16:38  Missile Turret  
  95  16:44  Marauder  
  95  16:45  Marauder x2  
  80  16:49  Orbital Command  
  80  16:52  Viking x4  
  85  16:58  Planetary Fortress  
  85  17:06  Marauder x3  
  91  17:16  Command Center  
  91  17:22  Viking x4  
  97  17:27  Marauder x3  
  105  17:30  Missile Turret  
  105  17:38  Starport Reactor  
  105  17:39  SCV  
  105  17:49  Marauder x3  
  105  17:51  SCV  
  112  17:52  Viking x2  
  117  18:10  Marauder x3  
  90  18:31  Marauder  
  90  18:32  Marauder x2  
  92  18:36  Marine  
  92  18:37  Marine x7  
  98  18:53  Marauder x3  
  92  19:08  Viking x3  
  92  19:09  Viking  
  98  19:14  Marauder x3  
Tags
 
League
Diamond
Matchup
PvT
Replay Pack
SC2Mai2026
Spawn Locations
Cross Positions
Add a new tag
Caveats
  • Supply blocks, unpowered buildings, or Contaminate may cause inaccurate times.
  • Supply counts are checked every 10 seconds.